[Event "Division I"]
[Site "Chess.com"]
[Date "2023.08.30"]
[Round "1"]
[White "Carlsen, Magnus"]
[Black "Tabatabaei, M Amin"]
[Result "1-0"]
[WhiteElo "2928"]
[BlackElo "2768"]
[ECO "C77"]
[EventDate "2023.??.??"]
[Annotator "rafael"]
[PlyCount "97"]
[Beauty "7082803734033"]
[EventType "game"]
[TimeControl "900+3"]

1.e4 e5 2.Nf3 Nc6 3.Bb5 a6 4.Ba4 Nf6 5.d3 {Carlsen has plenty of experience with this flexible move that avoids the Open Variation (where Black takes the e4-pawn).} 5...Bc5 {The problem with 5.d3 is that Black can develop the bishop to this active square.} 6.c3 b5 7.Bb3 d6 8.Bg5 {This pin usually sharpens the game as Black is invited to play h6-g5.} ( 8.O-O {Carlsen chose this move in one of his games against Keymer in the World Cup.} ) 8...h6 9.Bh4 Bb6 {A useful prophylactic move, anticipating White's d-pawn advance.} 10.Nbd2 ( 10.a4 {was played in an important game in 2022:} 10...Rb8 11.axb5 axb5 12.Na3 g5 13.Bg3 Na5 14.Bc2 b4 $6 ( 14...Bd7 {is better.} ) 15.cxb4 Nc6 16.Ba4 {with an advantage for White in Praggnanandhaa-Carlsen, Chessable Masters 2022.} ) 10...g5 11.Bg3 Qe7 ( 11...Na5 {is also possible:} 12.Bc2 Nh5 13.a4 Rb8 14.b4 Nxg3 15.hxg3 Nc6 16.Nf1 Qf6 {with a balanced middlegame in Carlsen-Ding, Norway Chess (blitz) 2019.} ) 12.a4 Rb8 13.axb5 axb5 14.Nf1 $1 {[%c_effect f1;square;f1;type;GreatFind;persistent;true] One advantage of not being castled yet is that the knight can be maneuvered immediately to the e3-square.} 14...Be6 15.Ne3 Bxe3 {A good and practical decision, getting rid of the problems that this knight can generate. That said, it's possible to delay this capture as well.} ( 15...O-O 16.O-O Bxb3 17.Qxb3 Qe6 18.Qc2 Ne7 {with an acceptable position.} ) 16.fxe3 O-O ( 16...Bxb3 {is more accurate:} 17.Qxb3 Qe6 {Now if White exchanges queens, Black's king is already in the center.} 18.Qc2 O-O {with chances for both sides.} ) 17.O-O Ra8 $6 ( 17...Bxb3 $1 {[%c_effect b3;square;b3;type;GreatFind;persistent;true] is better:} 18.Qxb3 Qe6 {Here White can try to exchange queens:} 19.Qxe6 fxe6 20.Ra6 {with a slight pressure in the endgame.} ) 18.Rxa8 Rxa8 19.Nh4 $1 {[%c_effect h4;square;h4;type;GreatFind;persistent;true] A strong move, using tactics to bring the knight to f5.} 19...Bg4 ( 19...gxh4 $2 {[%c_effect h4;square;h4;type;Mistake;persistent;true] The knight cannot be captured due to the pin.} 20.Bxh4 ) 20.Qe1 Na5 $6 ( 20...Kg7 {is the lesser evil, although White keeps the pressure after} 21.Nf5+ Bxf5 22.Rxf5 ) 21.Bd1 Bxd1 {The f5-square becomes very weak now. Maybe it's better to retreat the bishop, although after} ( 21...Bd7 22.Nf5 Bxf5 23.Rxf5 {White will follow with h2-h4 and a lot of pressure on the kingside.} ) 22.Nf5 Qe6 23.Qxd1 Kh7 24.h4 $6 {[%c_effect h4;square;h4;type;Inaccuracy;persistent;true] This is Carlsen's only inaccuracy in the game.} ( 24.d4 {is better, immediately putting pressure on the center. The e4-pawn cannot be captured:} 24...Nxe4 ( 24...exd4 $2 {[%c_effect d4;square;d4;type;Mistake;persistent;true] is also bad:} 25.Nxd4 Qe7 26.Qc2 {with a winning initiative.} ) 25.d5 $1 Qf6 ( 25...Qg6 26.Ne7 $1 ) 26.Qc2 {Black's position collapses.} ) ( 24.Qa1 $5 {[%c_effect a1;square;a1;type;Interesting;persistent;true] is also very interesting, pinning the knight on a5.} ) 24...Rg8 $6 {[%c_effect g8;square;g8;type;Inaccuracy;persistent;true] Tabatabaei misses the chance to come back to the game.} ( 24...Nb3 $1 {[%c_effect b3;square;b3;type;GreatFind;persistent;true] Prepares both ...Ra1 and the knight maneuver back to the defense with ...Nc5-d7.} ) 25.hxg5 Rxg5 ( 25...hxg5 {doesn't help:} 26.Qf3 Rg6 27.Ra1 $1 {[%c_effect a1;square;a1;type;GreatFind;persistent;true] The rook enters the game with decisive effect. A nice variation continues:} 27...Nc6 28.Ra6 $1 Ne7 29.Bxe5 $1 Qxe5 30.Qh3+ Kg8 31.Ra8+ {winning for White.} ) 26.Bh4 Rg6 27.b4 $1 Nc6 28.Qf3 Ng8 29.d4 $1 {[%c_effect d4;square;d4;type;GreatFind;persistent;true] Carlsen conducts the game with his typical precision. Black has too many weaknesses, and his pieces are passive.} 29...exd4 30.exd4 Qc4 31.Ng3 $1 {[%c_effect g3;square;g3;type;GreatFind;persistent;true] A nice repositioning of the knight.} 31...f6 32.Nh5 Qf7 33.e5 $1 {[%c_effect e5;square;e5;type;GreatFind;persistent;true] Attacking both the f6-pawn and the c6-knight.} 33...Nce7 34.e6 ( 34.exf6 {is also good.} ) 34...Qxe6 ( 34...Qf8 {Here a nice winning line is} 35.Nxf6+ Nxf6 36.Bxf6 Ng8 37.Qe4 $1 Nxf6 38.e7 $1 Qf7 39.Rxf6 $1 {[%c_effect f6;square;f6;type;GreatFind;persistent;true] and the pawn promotes.} ) 35.Nf4 Qf7 36.Nxg6 Kxg6 37.Qd3+ Kg7 38.Qxb5 {The rest is trivial for the world's best player.} 38...Ng6 39.Qh5 Qc4 40.Rf3 Qe2 41.Kh2 Qe4 42.Bf2 N8e7 43.Re3 Qf4+ 44.Kg1 c6 45.c4 d5 46.c5 Nf5 47.Rf3 Qc1+ 48.Kh2 Nfe7 49.Be3 1-0

[Event "E Women's World Cup 2023"]
[Site "Chess.com"]
[Date "2023.08.17"]
[Round "6"]
[White "Muzychuk, Anna"]
[Black "Salimova, Nurgyul"]
[Result "0-1"]
[WhiteElo "2504"]
[BlackElo "2403"]
[ECO "B15"]
[EventDate "2023.??.??"]
[Annotator "rafael"]
[PlyCount "64"]
[Beauty "8251059747883"]
[EventType "simul"]
[EventRounds "2"]
[EventCountry "FID"]
[TimeControl "40/5400+30:1800+30"]

1.e4 c6 2.d4 d5 3.Nc3 dxe4 4.Nxe4 Nf6 5.Nxf6+ exf6 {A fashionable line of the Caro-Kann Defense.} 6.c3 Bd6 7.Bd3 O-O 8.Qc2 Re8+ 9.Be3 ( 9.Ne2 {is much more popular, but Muzychuk wants to develop the knight on f3.} ) 9...h5 10.Nf3 Nd7 11.O-O-O {I think this is the most combative and better choice. It's also possible to place the king on the other side of the board, but after} ( 11.O-O Nf8 {Black sometimes is able to exert pressure on the kingside after Bc7-Qd6. This position was played in Shimanov-Mitrabha, Titled Tuesday 2022.} ) 11...b5 $2 {[%c_effect b5;square;b5;type;Mistake;persistent;true] A new move and a blunder. It's clear that Salimova was not familiar with this position.} ( 11...Nf8 {is better, with an unclear fight after} 12.h3 Be6 13.Kb1 b5 {as played in a few games.} ) 12.d5 $1 {[%c_effect d5;square;d5;type;GreatFind;persistent;true] This refutes Black's play, winning a pawn.} 12...c5 {Forced.} ( 12...cxd5 {loses to} 13.Bh7+ $1 Kf8 14.Rxd5 {threatening the bishop and the h-pawn.} ) 13.Bxb5 Rb8 14.Bc6 Re7 {A good move, freeing the d7-knight. Black has some practical compensation, especially in a rapid game, but White can keep a healthy advantage with careful play.} 15.h3 $6 {[%c_effect h3;square;h3;type;Inaccuracy;persistent;true] This move is not very useful.} ( 15.Rhe1 $1 {[%c_effect e1;square;e1;type;GreatFind;persistent;true] is more to the point.} 15...Ne5 ( 15...Nb6 {leads nowhere after} 16.c4 ) 16.Nxe5 Rxe5 17.Qa4 $1 {[%c_effect a4;square;a4;type;GreatFind;persistent;true] with the idea of playing 18.Bf4.} ) 15...Nb6 $6 ( 15...Ne5 $1 {[%c_effect e5;square;e5;type;GreatFind;persistent;true] The computer indicates the right way, but and it's not an easy one. The position is difficult to play for both sides.} 16.Nxe5 Rxe5 {This is the point: the bishop is coming to f5.} 17.Rhe1 Bf5 18.Qa4 Qb6 {with compensation for the pawn.} ) 16.Nd2 ( 16.Qd3 $1 {[%c_effect d3;square;d3;type;GreatFind;persistent;true] is more accurate, avoiding Nc4.} ) 16...f5 {A natural human move, threatening to trap the bishop with ...f4.} ( 16...Re5 $1 {[%c_effect e5;square;e5;type;GreatFind;persistent;true] is also possible, again with the idea of developing the bishop on f5. The game becomes very sharp after} 17.g4 f5 $1 ) 17.Nb3 $6 {[%c_effect b3;square;b3;type;Inaccuracy;persistent;true] This allows black's knight into the dangerous c4-square.} ( 17.g3 {is a normal reaction, although Black is totally in the game after} 17...h4 $1 ) ( 17.Bg5 $1 {[%c_effect g5;square;g5;type;GreatFind;persistent;true] is a surprising move that only the machine would play.} 17...f6 18.Bh4 {The computer insists that this is the best way for White and after analyzing a bit I think I understand why. The pawn on f6 is not desirable, since now Black loses the plan of ...f4 followed by ...g6 and ...Bf5. And if Black chases the bishop with g7-g5, than weaknesses are created. Of course all this explanation is done after knowing which is the best move - a commentator's life is much easier than a player's $1} ) 17...Nc4 $1 18.Rhe1 ( 18.Bxc5 $2 {[%c_effect c5;square;c5;type;Mistake;persistent;true] loses after} 18...Bxc5 19.Nxc5 Rxb2 ) ( 18.Bd2 f4 $1 {[%c_effect f4;square;f4;type;GreatFind;persistent;true] with the idea of playing g6-Bf5.} ) ( 18.Bg5 $1 {[%c_effect g5;square;g5;type;GreatFind;persistent;true] This is the best move and the reasoning is similar to the last note: the pawn on f6 gets in Black's own way, as the g6-Bf5 plan becomes difficult to execute.} 18...f6 19.Bd2 ) 18...Nxe3 ( 18...f4 $1 {[%c_effect f4;square;f4;type;GreatFind;persistent;true] This is a tempting and good move, but there's a hidden detail of surprising beauty in the main line.} 19.Bxc5 ( 19.Bd2 g6 $1 {[%c_effect g6;square;g6;type;GreatFind;persistent;true] with the usual plan of Bf5 and a dangerous initiative.} ) 19...Bxc5 20.Nxc5 {Here there is a beautiful and difficult winning move, what I like to call \"a Dvoretsky exercise level 5\" - in other words, nearly impossible to solve $1} 20...f3 $3 {[%c_effect f3;square;f3;type;Brilliant;persistent;true] A fantastic idea to open the c1-h6 diagonal, inviting the queen to g5.} ( 20...Rxb2 21.Qd3 {is not clear.} ) 21.gxf3 {Now we can finally understand the point of Black's play:} 21...Rxb2 22.Qd3 Rxe1 23.Rxe1 Qg5+ {with a winning attack.} ) 19.fxe3 g6 {Black has excellent compensation for the pawn with good dark square control and attacking chances on the queenside. Though equality is the objective assessment, I think Black's position is easier to play.} 20.Nd2 Bg3 21.Re2 Ba6 22.c4 Be5 $1 {[%c_effect e5;square;e5;type;GreatFind;persistent;true] The bishop returns to this excellent diagonal.} 23.b3 Bg7 24.e4 ( {Maybe} 24.Kb1 {with the idea of playing a3 and Ka2 is a safer option.} ) 24...Bc8 25.Rde1 fxe4 26.Rxe4 ( 26.Nxe4 {is more accurate:} 26...Bf5 27.d6 Re5 28.Bd5 {with a slightly better position for Black.} ) 26...Rxe4 27.Qxe4 $2 ( 27.Nxe4 {is better. Black keeps the initiative with} 27...Bf5 ) 27...Qa5 $2 ( 27...Qf6 $1 {[%c_effect f6;square;f6;type;GreatFind;persistent;true] is more precise: the queen joins the attack and White's counterplay is avoided.} ) 28.Qf4 $1 {[%c_effect f4;square;f4;type;GreatFind;persistent;true] Suddenly the game becomes unclear again.} 28...Qc3+ 29.Kd1 Bf5 $1 {[%c_effect f5;square;f5;type;GreatFind;persistent;true] A great move, probably born out of necessity: sacrificing the rook is the only chance.} 30.Qxb8+ $2 {[%c_effect b8;square;b8;type;Mistake;persistent;true] Who can resist taking a whole rook with check $2 Unfortunately for Muzychuk, however, this is the losing move.} ( 30.Re3 $1 {[%c_effect e3;square;e3;type;GreatFind;persistent;true] is the way to go.} 30...Qa1+ 31.Ke2 Rf8 {with a chaotic position where I still prefer Black.} ) 30...Kh7 {White's king is unable to survive the attack of queen and bishops.} 31.Qf4 {The queen tries to return home, but it's too late.} 31...Bh6 ( 31...Bd3 {is also winning.} ) 32.Qf2 ( 32.Qxh6+ Kxh6 {White has no chances as, despite from the material advantage, the attack continues.} ) 32...Bc2+ {Mate is inevitable.} ( 32...Bc2+ 33.Kc1 ( 33.Ke2 Qd3# ) 33...Bd3+ 34.Kd1 Qc2# ) 0-1

[Event "E Women's World Cup 2023"]
[Site "Chess.com"]
[Date "2023.08.20"]
[Round "7"]
[White "Salimova, Nurgyul"]
[Black "Goryachkina, Aleksandra"]
[Result "1/2-1/2"]
[WhiteElo "2403"]
[BlackElo "2557"]
[ECO "D35"]
[EventDate "2023.??.??"]
[Annotator "rafael"]
[PlyCount "236"]
[Beauty "3029025747463"]
[EventType "simul"]
[EventRounds "2"]
[EventCountry "FID"]
[TimeControl "40/5400+30:1800+30"]

1.d4 d5 2.c4 e6 3.Nc3 Nf6 4.cxd5 exd5 5.Bg5 Be7 6.e3 h6 7.Bh4 O-O 8.Bd3 Re8 9.Nge2 c6 10.O-O a5 $5 {[%c_effect a5;square;a5;type;Interesting;persistent;true] The new way of playing the Queen's Gambit. Black is the one advancing the pawns on the queenside. This is surprising for those of us who grew up seeing White advance on this side of the board, the so-called \"minority attack.\" But if you think about it, isn't it more logical for the side with a pawn majority to move forward $2} 11.f3 {White, on the other hand, tries to advance on the center, but this is not so easy to achieve, especially with the knight on c3 about to be attacked by Black's b-pawn.} 11...b5 $1 12.Qc2 {I suspect this is not the most accurate move since Black will soon achieve a pleasant position. The plan I like the most is to play 12.Bf2 immediately, with the idea of playing Ng3 and trying to push the e-pawn.} ( 12.Bf2 Nbd7 13.Rc1 Nb6 14.Ng3 Bd7 15.h3 {Protecting the g4-square so the knight cannot use it after a possible exchange of pawns on e4. This was played in Van Foreest-Bluebaum, Eu-Cup Online 2021.} ) 12...Ba6 13.Rae1 Nbd7 14.Bf2 a4 {A new move, preparing to play Qa5 and then b5-b4. There are good alternatives as well.} ( 14...Bf8 ) ( 14...Qb6 ) 15.Kh1 ( 15.e4 {This is premature:} 15...dxe4 16.fxe4 Ng4 {White doesn't want to exchange the precious dark-squared bishop.} ) 15...Qa5 {Now b5-b4 is threatened.} 16.Nf4 $6 ( 16.a3 $1 {[%c_effect a3;square;a3;type;GreatFind;persistent;true] It's important to secure the knight on c3. The position is balanced after} 16...b4 17.axb4 Bxd3 18.Qxd3 Qxb4 19.e4 $1 ) 16...b4 17.Nce2 c5 $1 {[%c_effect c5;square;c5;type;GreatFind;persistent;true] The opening was a success for Black.} 18.Bxa6 Qxa6 19.Qf5 ( 19.dxc5 Nxc5 {Black has a good version of the isolated queen's pawn formation, for example:} 20.Nd4 Qc4 21.Qb1 b3 {with the initiative.} ) 19...Nf8 ( 19...Bf8 $1 {[%c_effect f8;square;f8;type;GreatFind;persistent;true] is a good move, opening the path for the rook. The pawn on d5 should not be taken since after} 20.Nxd5 $2 Nxd5 21.Qxd5 Nb6 {The knight goes to c4, and Black has a much better position.} ) 20.dxc5 Bxc5 21.Ng3 g6 ( 21...Ne6 22.Nxe6 Rxe6 {with a slightly better position for Black. The pawn on e3 is actually weaker than the pawn on d5.} ) 22.Qd3 Ne6 23.Qxa6 Rxa6 24.Nd3 {The exchange of queens favored White, who managed to equalize the game.} 24...Rc8 25.Rc1 Rac6 26.Ne2 Ne8 {A double-edged plan: Black tries to activate the knight, but the d5-pawn becomes weak.} ( 26...Bf8 27.Rxc6 Rxc6 28.Rc1 {The endgame is more pleasant for White.} ) ( 26...Nd7 {is possible:} 27.Rfd1 Bf8 28.Rxc6 Rxc6 29.Rc1 Rc4 $1 {[%c_effect c4;square;c4;type;GreatFind;persistent;true] This is an improved version for Black of the previous variation since the knight is ready to go to c5.} ) 27.Rfd1 Nd6 28.Ne5 R6c7 29.Ng4 $1 {[%c_effect g4;square;g4;type;GreatFind;persistent;true] An unpleasant move to face.} ( 29.Rxd5 Nf5 {The attack on e3 and the pressure on the c-file gives Black good play.} ) 29...Ne8 {The errant knight goes back. The alternative is to play} ( 29...Kg7 {but after} 30.Bg3 {the position is difficult to defend from a human point of view, although the machine is not too worried.} ( 30.Rxd5 Nf5 {with good counterplay.} ) ) 30.Bg3 Rc6 {Now White must choose which pawn to take.} 31.Nxh6+ ( 31.Rxd5 {Black has active pieces and good drawing chances after} 31...Bb6 32.Rxc6 Rxc6 33.Be1 b3 34.axb3 Rc2 35.Rd2 axb3 ) 31...Kf8 $2 {[%c_effect f8;square;f8;type;Mistake;persistent;true] The wrong square.} ( 31...Kg7 32.Ng4 Bb6 33.Be1 f5 $1 34.Ne5 Rc2 {Here we see a clear benefit of the king on g7: the g6-pawn is protected. Black has excellent drawing chances.} ) 32.Ng4 Ba7 ( 32...Bb6 $2 33.Rxc6 Rxc6 34.Ne5 $1 {[%c_effect e5;square;e5;type;GreatFind;persistent;true] With a possible knight check on d7.} ) 33.Be1 b3 34.axb3 axb3 35.Bb4+ Kg8 36.Bc3 {White has consolidated the position and is a clean pawn up.} 36...f5 37.Ne5 R6c7 38.Rxd5 Bxe3 39.Rcd1 g5 40.g3 {Preparing the path for the king.} ( 40.g4 {is also good.} ) 40...N8g7 41.Rb5 Nc5 42.Nc4 $1 {[%c_effect c4;square;c4;type;GreatFind;persistent;true] Black's bishop has no squares.} 42...f4 {White is completely winning at this point, and I can only imagine the pressure Salimova felt. There's nothing as difficult in chess as converting a won position against a strong opponent.} 43.gxf4 ( 43.Nxe3 {It's technically more precise to leave as many pawns on the board as possible when you have an advantage in the endgame.} 43...fxe3 44.Rd5 Nge6 45.Re5 {The e3-pawn falls, and the one on g5 remains weak.} ) 43...gxf4 44.Nxe3 fxe3 45.Rd5 Nge6 46.Re5 Kf7 47.Rxe3 {White is two pawns up, but dealing with a pair of knights is always tricky.} 47...Rd7 48.Rb4 Nd3 49.Rh4 ( 49.Rxb3 {It's possible to capture the pawn. After} 49...Rg8 50.h4 $1 {[%c_effect h4;square;h4;type;GreatFind;persistent;true] Black is unable to generate threats.} 50...Ndf4 51.Nxf4 Nxf4 52.Re4 Rd1+ 53.Re1 {with a winning position.} ) 49...Rg8 50.Ng3 $6 ( 50.Rh7+ {is more accurate:} 50...Ke8 $5 {[%c_effect e8;square;e8;type;Interesting;persistent;true] An interesting resource, but it doesn't work.} ( 50...Ng7 51.Kg2 $1 ) 51.Rxe6+ Kd8 52.Bf6+ Kc8 53.Rc6+ Kb8 54.Be5+ $1 Nxe5 55.Rxd7 Nxd7 56.Rc3 {The b3-pawn falls.} ) 50...Ndf4 $6 ( 50...Nf2+ {creates more problems:} 51.Kg1 Nd1 52.Rh7+ Ng7 53.Bxg7 $1 Kg6 ( 53...Nxe3 54.Bd4+ ) 54.Rh6+ Kxg7 55.Ree6 Nxb2 56.Reg6+ Kf8 57.Rb6 {White should be able to win.} ) 51.Re1 Rgd8 52.Rh7+ $2 ( 52.Ne4 {leads to victory after} 52...Rd1 53.Ng5+ $1 Kg6 ( 53...Nxg5 54.Rxf4+ ) 54.Nxe6 Rxe1+ 55.Bxe1 Nxe6 56.Kg2 ) 52...Kg6 53.Rxd7 Rxd7 {Surprisingly, Black has good counterplay now. It's not easy for White to defend the f3-pawn.} 54.Ne4 Kf5 $6 ( 54...Rd3 $1 {[%c_effect d3;square;d3;type;GreatFind;persistent;true] The pawn should be attacked immediately.} 55.Rf1 Ne2 {with drawing chances.} ) 55.h4 $6 ( 55.Nf2 {avoids ...Rd3 and keeps winning chances.} ) 55...Rd3 $1 56.Ng3+ ( 56.Rf1 Ne2 {with activity enough to save the game.} ) 56...Kg6 57.h5+ ( 57.Rf1 Nd4 58.Bxd4 Rxd4 {is also a draw.} ) 57...Kh7 58.Rf1 Kh6 59.Kh2 Ng5 60.Nf5+ Kxh5 61.Nd4 Nd5 62.Rf2 Nxc3 63.bxc3 Rxc3 64.Kg2 Rd3 65.Ne2 Kh6 66.Nc1 Rc3 67.Nxb3 Rxb3 {In a dramatic turn of events, Black is the one pressing in the end. The endgame of rook and knight against rook is not difficult to defend, and you don't need theoretical endgame knowledge to do so—you can achieve a draw using only common sense. Of course, a player miraculously wins this endgame every once in a while, as we have witnessed in this own Women's World Cup. In the game, Salimova defends well, and not much happens in the final moves.} 68.Rf1 Kg6 69.f4 Ne4 70.f5+ Kg5 71.f6 Rb2+ 72.Kg1 Nxf6 73.Rf2 Rb3 74.Kf1 Ne4 75.Rf8 Rb2 76.Ke1 Nf6 77.Kd1 Kf5 78.Kc1 Rh2 79.Rf7 Ke5 80.Rf8 Nd5 81.Re8+ Kd4 82.Rd8 Rg2 83.Kd1 Ra2 84.Rd7 Ke4 85.Kc1 Ne3 86.Rd8 Nf5 87.Rd2 Ra3 88.Kb2 Rh3 89.Rd8 Nd4 90.Rc8 Rb3+ 91.Ka2 Kd3 92.Rd8 Rb6 93.Rc8 Ne2 94.Ka3 Nc3 95.Rd8+ Ke4 96.Rd4+ $5 Ke5 ( 96...Kxd4 {is a stalemate.} ) 97.Rh4 Ne4 98.Rh5+ Kd4 99.Rh4 Rb8 100.Rg4 Kd3 101.Rh4 Rb1 102.Rg4 Kc3 103.Ka4 Rb4+ 104.Ka5 Kb3 105.Rg8 Rb7 106.Rg4 Nd6 107.Ka6 Rd7 108.Rh4 Nc4 109.Kb5 Ne3 110.Rh3 Rd3 111.Kc5 Kc3 112.Rg3 Rd5+ 113.Kc6 Re5 114.Rh3 Kd3 115.Kd6 Rg5 116.Kc6 Ke4 117.Rh4+ Rg4 118.Rxg4+ Nxg4 1/2-1/2